[Event "*** Titled Tuesday Blitz"]
[Site "Chess.com"]
[Date "2020.10.20"]
[Round "2"]
[White "DariaVoit"]
[Black "swimmerchess"]
[Result "0-1"]
[WhiteElo "2497"]
[BlackElo "2774"]
[TimeControl "180+1"]
[EndTime "10:15:40 PDT"]
[Termination "swimmerchess won by checkmate"]

1. b3 e5 2. Bb2 Nc6 3. g3 h5 4. Bg2 h4 5. Bxc6 dxc6 6. Bxe5 Qd5 7. Nf3 Bg4 8. Bxc7 Nf6 9. Nc3 Qe6 10. Nxh4 Ba3 11.
Ng2 Qe7 12. Bf4 O-O-O 13. Qb1 Ne4 14. Nd1 Nxd2 15. Bxd2 Qxe2# 0-1

[Event "*** Titled Tuesday Blitz"]
[Site "Chess.com"]
[Date "2020.10.20"]
[Round "2"]
[White "TheMagnet"]
[Black "Illingworth"]
[Result "0-1"]
[WhiteElo "2580"]
[BlackElo "2904"]
[TimeControl "180+1"]
[EndTime "10:15:45 PDT"]
[Termination "Illingworth won by resignation"]

1. d4 Nf6 2. c4 c5 3. d5 b5 4. cxb5 a6 5. b6 g6 6. Nc3 d6 7. a4 Qxb6 8. a5 Qb4 9. Ra4 Qb7 10. e4 Bg7 11. Bc4 O-O 12. Qd3 Nbd7 13. f4 Ne8 14.
Nf3 Nc7 15. O-O Rb8 16. b3 Nb5 17. Bd2 Nd4 18. Ra3 f5 19. e5 Nxf3+ 20. Qxf3 dxe5 21. d6+ Kh8 22. dxe7 Re8 23. Nd5 e4 24. Qe3 Nf6 25.
Nxf6 Bxf6 26. Qxc5 Qxe7 27. Qxe7 Rxe7 28. Be3 Rd7 29. Ra2 Kg7 30. Kf2 Bb7 31. Ke2 Rbd8 32. Rd1 Rxd1 0-1

[Event "*** Titled Tuesday Blitz"]
[Site "Chess.com"]
[Date "2020.10.20"]
[Round "2"]
[White "Egorov_Pavel"]
[Black "AungTZ"]
[Result "1-0"]
[WhiteElo "2405"]
[BlackElo "2144"]
[TimeControl "180+1"]
[EndTime "10:15:48 PDT"]
[Termination "Egorov_Pavel won by resignation"]

1. d4 Nf6 2. c4 e6 3. Nc3 Bb4 4. e3 O-O 5. Nf3 b6 6. Bd3 Bb7 7. O-O Bxc3 8. bxc3 c5 9. Re1 Ne4 10. Qc2 f5 11. Nd2 Nxd2 12. Bxd2 d6 13. e4 f4 14. e5 h6 15. Be4 d5 16. cxd5 Bxd5 17. Bxd5 Qxd5 18.
Qe4 Qxe4 19. Rxe4 f3 20. dxc5 bxc5 21. Be3 Na6 22. Ra4 Nc7 23. Bxc5 Rf5 24. Rxa7 Rxa7 25. Bxa7 Rg5 26. g3 Nd5 27. Bd4 Nf4 28. Kf1 Ne2 29. a4 Rf5 30. a5 Rf8 31. a6 Ra8 32. a7 Kh7 33. Ra6 Kg8 34. Rb6 Nxd4 35. Rb8+ 1-0

[Event "*** Titled Tuesday Blitz"]
[Site "Chess.com"]
[Date "2020.10.20"]
[Round "2"]
[White "rugbyclub"]
[Black "WuinaterJr"]
[Result "0-1"]
[WhiteElo "2204"]
[BlackElo "2506"]
[TimeControl "180+1"]
[EndTime "10:15:50 PDT"]
[Termination "WuinaterJr won by resignation"]

1. e4 c5 2. Nc3 d6 3. d4 cxd4 4. Qxd4 a6 5. Nf3 Nc6 6. Qd2 Nf6 7. b3 e6 8. Bb2 Be7 9. O-O-O O-O 10.
Kb1 b5 11. Bd3 Bb7 12. g4 Rc8 13. g5 Nd7 14. h4 Nde5 15. Nxe5 dxe5 16. f4 Bb4 17. a3 Ba5 18. f5 Nd4 19. f6 g6 20.
h5 b4 21. axb4 Bxb4 22. hxg6 fxg6 23. Rxh7 Kxh7 24. Qh2+ Kg8 25. Rh1 Rc7 26. Qxe5 Rff7 27. Bc4 Qd6 28. Qxd6 Bxd6 29. Rh6 Rh7 30. Rxg6+ Kf7 31.
Rg7+ Rxg7 32. fxg7 Kxg7 33. Ne2 e5 34. Nxd4 exd4 35. Bxd4+ Kg6 36. e5 Bc5 37. Bd3+ Kxg5 0-1

[Event "*** Titled Tuesday Blitz"]
[Site "Chess.com"]
[Date "2020.10.20"]
[Round "2"]
[White "NeverW84M8"]
[Black "Rodalquilar"]
[Result "0-1"]
[WhiteElo "2460"]
[BlackElo "2723"]
[TimeControl "180+1"]
[EndTime "10:15:51 PDT"]
[Termination "Rodalquilar won by resignation"]

1. d4 d5 2. c4 e6 3. Nc3 a6 4. e3 Nf6 5. Nf3 b6 6. a3 Bb7 7. cxd5 exd5 8. b4 Nbd7 9. Rb1 Bd6 10. Bd3 O-O 11. Qc2 Re8 12. O-O Ne4 13. Nd2 Qh4 14.
g3 Qh3 15. Ncxe4 dxe4 16. Bxe4 Rxe4 17. Nxe4 f5 18. f3 fxe4 19. fxe4 Bxg3 20. hxg3 Qxg3+ 21. Kh1 Qh4+ 22. Kg1 Bxe4 23. Qa2+ Kh8 0-1

[Event "*** Titled Tuesday Blitz"]
[Site "Chess.com"]
[Date "2020.10.20"]
[Round "2"]
[White "Infernal_XaM"]
[Black "vinniethepooh"]
[Result "1/2-1/2"]
[WhiteElo "2853"]
[BlackElo "2561"]
[TimeControl "180+1"]
[EndTime "10:15:52 PDT"]
[Termination "Game drawn by repetition"]

1. d4 Nf6 2. c4 e6 3. Nf3 d5 4.
Nc3 c6 5. e3 Nbd7 6. Bd2 b6 7.
a4 a5 8. Be2 Bb4 9. O-O Ba6 10.
Ne5 Nxe5 11. dxe5 Nd7 12. cxd5 Bxc3 13. Bxc3 cxd5 14. Bxa6 Rxa6 15. f4 Nc5 16. f5 exf5 17. Rxf5 O-O 18. Qg4 Ne6 19. Raf1 Qd7 20. h4 b5 21.
axb5 Qxb5 22. h5 Qc4 23. Qg3 d4 24. exd4 Nxd4 25. Bxd4 Qxd4+ 26. R1f2 Rh6 27. Rg5 Rxh5 28. Rxg7+ Kh8 29. Rg5 Qd1+ 30. Rf1 Qd4+ 31. Rf2 Qd1+ 32.
Rf1 Qd4+ 33. Rf2 1/2-1/2

[Event "*** Titled Tuesday Blitz"]
[Site "Chess.com"]
[Date "2020.10.20"]
[Round "2"]
[White "ZverevLev"]
[Black "Oglob71"]
[Result "0-1"]
[WhiteElo "2279"]
[BlackElo "2457"]
[TimeControl "180+1"]
[EndTime "10:15:52 PDT"]
[Termination "Oglob71 won by resignation"]

1. e4 c5 2. Nf3 e6 3. d4 cxd4 4.
Nxd4 a6 5. Bd3 Qb6 6. Be3 Qxb2 7. Nd2 Qc3 8. O-O Qc7 9. e5 d6 10. exd6 Bxd6 11. Ne4 Nf6 12. Nxf6+ gxf6 13. f4 Nc6 14.
Nxc6 Qxc6 15. a4 Bd7 16. Qh5 f5 17. g3 Bc5 18. Qe2 Rc8 19. Bxf5 Qb6 20. Rae1 Bxe3+ 21. Qxe3 Qxe3+ 22. Rxe3 Bxa4 23. Rfe1 O-O 24. Bg4 Bxc2 25. Bf3 Rc7 26. g4 b5 27. Be2 Rfc8 28. f5 exf5 29. gxf5 Bxf5 30. Rg3+ Bg6 31. h4 Rc3 32. Rg2 Rc1 33. Rxc1 Rxc1+ 34. Kh2 Kf8 35. h5 Bf5 36. Rg5 Rc2 37. Rxf5 Rxe2+ 38. Kg3 Re6 39. Kg4 Rb6 40. Kg5 b4 0-1

[Event "*** Titled Tuesday Blitz"]
[Site "Chess.com"]
[Date "2020.10.20"]
[Round "2"]
[White "Khnykin_Nikolay"]
[Black "MalyDominator"]
[Result "0-1"]
[WhiteElo "2055"]
[BlackElo "2375"]
[TimeControl "180+1"]
[EndTime "10:15:52 PDT"]
[Termination "MalyDominator won by resignation"]

1. e4 c5 2. c3 Nf6 3. f3 d5 4.
exd5 Nxd5 5. d4 cxd4 6. cxd4 Nc6 7. Bc4 e6 8. Ne2 Be7 9. O-O O-O 10. f4 b6 11. Kh1 Bb7 12. Nbc3 Na5 13. Bd3 Rc8 14. a3 Nc4 15. Bc2 Nce3 16. Qd3 Nxc2 17. Qxc2 Bf6 18. Qd3 Qc7 19. Bd2 Qc6 20. Qg3 Ba6 21.
Ne4 Bxe2 22. Rfe1 Bh5 23. Nxf6+ Nxf6 24. Bc3 Bg6 25. h4 Nd5 26. Bd2 Qc2 27. Red1 Bh5 28. Rac1 Qxb2 29. Rxc8 Rxc8 0-1

[Event "*** Titled Tuesday Blitz"]
[Site "Chess.com"]
[Date "2020.10.20"]
[Round "2"]
[White "MPGM"]
[Black "YIYUKI"]
[Result "0-1"]
[WhiteElo "2439"]
[BlackElo "2300"]
[TimeControl "180+1"]
[EndTime "10:15:53 PDT"]
[Termination "YIYUKI won by resignation"]

1. e4 e5 2. Nf3 Nc6 3. Bc4 Bc5 4. O-O d6 5. c3 Nf6 6. d3 a6 7. a4 Ba7 8. h3 h6 9. Re1 g5 10. Be3 g4 11. hxg4 Bxe3 12. fxe3 Bxg4 13. Rf1 Qe7 14.
b4 Rg8 15. Ra2 Nh5 16. Qe1 Be6 17. Nh4 Ng3 18. Nf5 Bxf5 19. exf5 Qh4 20. Rf3 Qh1+ 21.
Kf2 Ne4+ 22. Ke2 Rxg2+ 23. Kd1 Rg1 24. Rf1 Rxf1 0-1

[Event "*** Titled Tuesday Blitz"]
[Site "Chess.com"]
[Date "2020.10.20"]
[Round "2"]
[White "Nastya_Rakhmangulova"]
[Black "anon569"]
[Result "1-0"]
[WhiteElo "2454"]
[BlackElo "2271"]
[TimeControl "180+1"]
[EndTime "10:15:53 PDT"]
[Termination "Nastya_Rakhmangulova won by resignation"]

1. e4 c5 2. Nf3 d6 3. c3 Nf6 4.
Be2 Nc6 5. d4 cxd4 6. cxd4 Nxe4 7. d5 Qa5+ 8. Nc3 Nxc3 9. bxc3 Ne5 10. O-O g6 11. Nxe5 dxe5 12. d6 exd6 13. Rb1 Qc7 14. f4 Be7 15. fxe5 dxe5 16. Bh6 Bd7 17. Qb3 Bc5+ 18.
Kh1 Bc6 19. Bg7 Rg8 20. Bf6 Be7 21. Bxe5 Qxe5 22. Qxf7+ Kd7 23. Bg4+ Kc7 24. Rbe1 Rgf8 25. Rxe5 Rxf7 26. Rxf7 1-0

[Event "*** Titled Tuesday Blitz"]
[Site "Chess.com"]
[Date "2020.10.20"]
[Round "2"]
[White "PSvidler"]
[Black "stolencandy13"]
[Result "1/2-1/2"]
[WhiteElo "2881"]
[BlackElo "2457"]
[TimeControl "180+1"]
[EndTime "10:15:54 PDT"]
[Termination "Game drawn by agreement"]

1. e4 c6 2. Nf3 d5 3. d3 Bg4 4. Nbd2 Nd7 5. h3 Bh5 6. c3 e5 7. exd5 cxd5 8. Qb3 Nc5 9. Qb5+ Qd7 10.
d4 exd4 11. Ne5 Qxb5 12. Bxb5+ Kd8 13. g4 Bg6 14. f4 dxc3 15. bxc3 Bd6 16. Ndf3 f6 17.
Nxg6 hxg6 18. Be3 a6 19. O-O-O Ne7 20. Be2 Ne4 21. Kb2 Ng3 22. Rhe1 Nxe2 23. Rxe2 Rxh3 24. Nd4 Rc8 1/2-1/2

[Event "*** Titled Tuesday Blitz"]
[Site "Chess.com"]
[Date "2020.10.20"]
[Round "2"]
[White "esrosenberg"]
[Black "fm_magua"]
[Result "0-1"]
[WhiteElo "2280"]
[BlackElo "2586"]
[TimeControl "180+1"]
[EndTime "10:15:59 PDT"]
[Termination "fm_magua won on time"]

1. Nf3 c5 2. e4 Nc6 3. Bb5 g6 4. Bxc6 dxc6 5. h3 e5 6. O-O f6 7. d3 Be6 8. b3 b6 9. a4 a5 10.
Nbd2 h5 11. Nc4 Ra7 12. Nfd2 g5 13. Ne3 Rg7 14. Nf5 Bxf5 15. exf5 Ne7 16. Qf3 g4 17. hxg4 hxg4 18. Qe4 Rgh7 19. g3 Qd4 20.
Qg2 Rh1+ 21. Qxh1 Rxh1+ 22. Kxh1 Qxa1 23. Nc4 Qd4 24. Be3 Qd5+ 25. Kg1 Nxf5 26. Nxb6 Qd8 27. Nc4 Nxe3 28. fxe3 Bh6 29. Kg2 Qd5+ 30. e4 Qd8 31. Rh1 Bg7 32. Rh7 Kf7 33. Rh4 Qd4 34. Rxg4 Qc3 0-1

[Event "*** Titled Tuesday Blitz"]
[Site "Chess.com"]
[Date "2020.10.20"]
[Round "2"]
[White "GuerrieroFromLevant"]
[Black "Witik"]
[Result "0-1"]
[WhiteElo "2341"]
[BlackElo "2764"]
[TimeControl "180+1"]
[EndTime "10:16:00 PDT"]
[Termination "Witik won by resignation"]

1. e4 c5 2. Nf3 Nc6 3. Bb5 e6 4. O-O Nge7 5. Re1 a6 6. Bf1 d5 7. exd5 Nxd5 8. d4 Nf6 9. Be3 cxd4 10. Nxd4 Bd7 11. c4 Be7 12. Nc3 O-O 13. a3 Qc7 14. b4 Rfd8 15. Qb3 Nxd4 16. Bxd4 Bc6 17. Rad1 Ng4 18.
g3 h5 19. a4 h4 20. b5 Bf3 21. Rd3 hxg3 22. fxg3 Rxd4 23. Rxf3 Bc5 24. Kh1 Rd2 25. Re2 Rad8 26. Ne4 Rd1 27. Kg2 f5 28. Nxc5 Qxc5 29.
h3 R8d2 30. Qxd1 Rxd1 31. hxg4 fxg4 32. Rf4 Qh5 33. Kf2 Qh2+ 34. Ke3 Qxg3+ 35. Ke4 Qd3+ 36. Ke5 Rxf1 0-1

[Event "*** Titled Tuesday Blitz"]
[Site "Chess.com"]
[Date "2020.10.20"]
[Round "2"]
[White "ItsCheckM8Mate"]
[Black "RU_B9"]
[Result "1-0"]
[WhiteElo "2351"]
[BlackElo "1777"]
[TimeControl "180+1"]
[EndTime "10:16:01 PDT"]
[Termination "ItsCheckM8Mate won by resignation"]

1. e4 c5 2. Nf3 Nc6 3. d4 cxd4 4. Nxd4 Nf6 5. Nc3 e5 6. Ndb5 d6 7. Bg5 a6 8. Na3 b5 9. Nd5 Be7 10. Bxf6 Bxf6 11. c4 Rb8 12. cxb5 axb5 13. Bxb5 Bd7 14.
O-O O-O 15. Nxf6+ Qxf6 16. Rc1 Rb6 17. Qa4 Rc8 18. f3 Qg5 19. Kh1 h5 20. Nc4 Be6 21.
Nxb6 1-0

[Event "*** Titled Tuesday Blitz"]
[Site "Chess.com"]
[Date "2020.10.20"]
[Round "2"]
[White "Kazmin_Dmitrij"]
[Black "chesstrainer2042"]
[Result "0-1"]
[WhiteElo "2275"]
[BlackElo "2460"]
[TimeControl "180+1"]
[EndTime "10:16:03 PDT"]
[Termination "chesstrainer2042 won by resignation"]

1. e4 c5 2. f4 d5 3. exd5 Nf6 4. Bb5+ Bd7 5. Bxd7+ Qxd7 6. c4 e6 7. dxe6 Qxe6+ 8.
Qe2 Qxe2+ 9. Nxe2 Nc6 10. Nbc3 O-O-O 11. O-O Nb4 12. d3 Rxd3 13. Rf3 Rxf3 14. gxf3 Be7 15. Bd2 Nd3 16. Rb1 Rd8 17. Be3 b6 18. b3 Nb4 19.
Rb2 Rd3 20. Kf2 Rxc3 21. Nxc3 Nd3+ 0-1

[Event "*** Titled Tuesday Blitz"]
[Site "Chess.com"]
[Date "2020.10.20"]
[Round "2"]
[White "novocane"]
[Black "djano"]
[Result "0-1"]
[WhiteElo "2287"]
[BlackElo "2464"]
[TimeControl "180+1"]
[EndTime "10:16:04 PDT"]
[Termination "djano won by resignation"]

1. d4 Nf6 2. c4 g6 3. Nc3 Bg7 4. e4 d6 5. f3 a6 6. Nge2 O-O 7. Bg5 c5 8. d5 b5 9. Ng3 h6 10. Be3 b4 11. Nb1 e6 12. Be2 Re8 13. Qc1 Kh7 14.
O-O exd5 15. cxd5 Bb7 16. Rf2 Bxd5 17. exd5 Nxd5 18. Nf1 Nd7 19. Bc4 Nxe3 20. Nxe3 Bd4 21. Re2 Qg5 22. Bd5 Rxe3 0-1

[Event "*** Titled Tuesday Blitz"]
[Site "Chess.com"]
[Date "2020.10.20"]
[Round "2"]
[White "ChelsieMonica"]
[Black "WonderChampion"]
[Result "1-0"]
[WhiteElo "2371"]
[BlackElo "2032"]
[TimeControl "180+1"]
[EndTime "10:16:05 PDT"]
[Termination "ChelsieMonica won by checkmate"]

1. c4 e6 2. Nc3 d5 3. cxd5 exd5 4. g3 c6 5. Bg2 Bd6 6. Nf3 Nf6 7. d3 O-O 8. O-O Re8 9. Bg5 Be6 10. Rc1 Nbd7 11.
e4 dxe4 12. dxe4 Be7 13. Re1 Nc5 14. Bf1 Qc8 15. b4 Ncd7 16. e5 Nd5 17. Bxe7 Nxe7 18. Ne4 Nf5 19. g4 Nh6 20. Nd6 Qd8 21. g5 Rf8 22.
gxh6 gxh6 23. Kh1 Kh8 24. Bg2 Bd5 25. Qd4 Be6 26. Qh4 Qxh4 27. Nxh4 Rg8 28. Nhf5 Rg6 29.
f4 Rag8 30. Bf3 Rb8 31. Rg1 Nf8 32. Ne7 Rxg1+ 33. Rxg1 Ng6 34. f5 Bxa2 35. e6 fxe6 36.
fxg6 hxg6 37. Rxg6 Kh7 38. Be4 Kh8 39. Nf7+ Kh7 40.
Rg8# 1-0

[Event "*** Titled Tuesday Blitz"]
[Site "Chess.com"]
[Date "2020.10.20"]
[Round "2"]
[White "jacky72"]
[Black "exoticprincess"]
[Result "0-1"]
[WhiteElo "2556"]
[BlackElo "2864"]
[TimeControl "180+1"]
[EndTime "10:16:06 PDT"]
[Termination "exoticprincess won by checkmate"]

1. d4 Nf6 2. c4 c5 3. d5 e6 4. Nc3 exd5 5. cxd5 g6 6. Nf3 Bg7 7. Nd2 O-O 8. e4 d6 9. Be2 Re8 10. O-O Nbd7 11. h3 a6 12. a4 Rb8 13. Qc2 h5 14.
Re1 h4 15. Bf1 Nh5 16. Nc4 Ne5 17. f4 Nxc4 18. Bxc4 Bd7 19. Bd3 b5 20. axb5 axb5 21. e5 dxe5 22. f5 e4 23. Nxe4 Bxf5 24. Be3 c4 25.
Nf6+ Qxf6 26. Bxf5 Qxf5 27. Qd2 Ng3 28. d6 Ne4 29.
Qd1 Rbd8 30. Ra6 Bxb2 31. Rf1 Qe6 32. Bf4 Be5 33. Bxe5 Qxe5 34. Qf3 Nxd6 35. Kh1 Nf5 36. Qg4 Ng3+ 37. Kg1 Qe3+ 38. Rf2 Qe1+ 39. Kh2 Qh1# 0-1

[Event "*** Titled Tuesday Blitz"]
[Site "Chess.com"]
[Date "2020.10.20"]
[Round "2"]
[White "doons21"]
[Black "Supernotar"]
[Result "1-0"]
[WhiteElo "2558"]
[BlackElo "2842"]
[TimeControl "180+1"]
[EndTime "10:16:10 PDT"]
[Termination "doons21 won by resignation"]

1. e4 c6 2. d3 d5 3. Nd2 e5 4.
Ngf3 Bd6 5. g3 Nf6 6. Bg2 O-O 7.
O-O Re8 8. Re1 Qc7 9. a4 b6 10. h3 a5 11. Nh4 Nbd7 12. Nf5 Bf8 13. Nf1 g6 14. Nh6+ Kg7 15. g4 Ba6 16. Ng3 Rad8 17. Bg5 Be7 18. Qf3 dxe4 19. dxe4 Rf8 20. Nhf5+ gxf5 21. Nxf5+ Kh8 22. Nxe7 Qd6 23. Rad1 Qe6 24. Nf5 Rg8 25.
h4 Rg6 26. Rd6 Qe8 27. Red1 Rc8 28. Nh6 Kg7 29. Nf5+ Kh8 30. Bxf6+ Nxf6 31. g5 Ng8 32. Rxg6 hxg6 33. Nd6 Qe6 34. Bh3 f5 35. gxf6 1-0

[Event "*** Titled Tuesday Blitz"]
[Site "Chess.com"]
[Date "2020.10.20"]
[Round "2"]
[White "davidkalashian"]
[Black "amintabatabaei"]
[Result "0-1"]
[WhiteElo "2603"]
[BlackElo "2954"]
[TimeControl "180+1"]
[EndTime "10:16:13 PDT"]
[Termination "amintabatabaei won by resignation"]

1. d4 Nf6 2. c4 e6 3. Nf3 d5 4.
Nc3 Bb4 5. Bg5 dxc4 6. e3 b5 7. a4 c6 8. Ne5 Bb7 9. Qf3 Qd5 10.
Be2 Qxf3 11. Bxf3 Nd5 12. Bxd5 cxd5 13. Bf4 f6 14. Nf3 bxa4 15. Rxa4 a5 16. O-O Nd7 17. Nb5 Bc6 18. Nc7+ Kf7 19. Nxa8 Bxa4 20. Ra1 Rxa8 21. Rxa4 g5 22. Bg3 h5 23. h3 g4 24. hxg4 hxg4 25. Nh2 f5 26. Nf1 Nb6 27. Ra2 Ke7 28.
Bc7 Nc8 29. Ng3 Kd7 30. Be5 a4 31. Nh5 Nb6 32. Nf4 a3 33. bxa3 Rxa3 34. Rxa3 Bxa3 35. f3 gxf3 36. gxf3 c3 37. Nd3 c2 0-1

[Event "*** Titled Tuesday Blitz"]
[Site "Chess.com"]
[Date "2020.10.20"]
[Round "2"]
[White "anon481216"]
[Black "northridgehawk"]
[Result "1-0"]
[WhiteElo "2425"]
[BlackElo "2200"]
[TimeControl "180+1"]
[EndTime "10:16:15 PDT"]
[Termination "anon481216 won by resignation"]

1. d4 f5 2. e4 fxe4 3. Nc3 Nf6 4. Bg5 g6 5. f3 exf3 6. Nxf3 Bg7 7. Bd3 O-O 8. h4 d5 9. Qd2 Nc6 10. Bxf6 exf6 11.
h5 Re8+ 12. Kf2 f5 13. Ne2 Be6 14. c3 Bf7 15. hxg6 hxg6 16. Rh3 Qf6 17. Rah1 Re4 18. Ng5 Rae8 19. Bxe4 fxe4+ 20. Kg1 e3 21. Rxe3 Rxe3 22. Qxe3 Ne7 23. Ng3 Nf5 24. Nxf5 Qxf5 25. Rh3 Qb1+ 26. Kh2 Bf8 27. Nxf7 Kxf7 28. Rf3+ Kg7 29. Qe5+ Kg8 30. Qe6+ Kg7 31. Qf7+ Kh6 32. Qxf8+ Kg5 33. Qf6+ 1-0

[Event "*** Titled Tuesday Blitz"]
[Site "Chess.com"]
[Date "2020.10.20"]
[Round "2"]
[White "Koalaskakistis"]
[Black "slavenok"]
[Result "0-1"]
[WhiteElo "2464"]
[BlackElo "2730"]
[TimeControl "180+1"]
[EndTime "10:16:18 PDT"]
[Termination "slavenok won by resignation"]

1. Nf3 d5 2. g3 Nf6 3. Bg2 e6 4. O-O Be7 5. d3 O-O 6. Nbd2 d4 7. e4 dxe3 8. fxe3 c5 9. e4 Nc6 10. a4 h6 11. Nc4 Nd4 12. c3 Nxf3+ 13. Qxf3 e5 14.
Nxe5 Be6 15. Nc4 Bxc4 16. dxc4 Qb6 17. e5 Nd7 18. Qxb7 Qxb7 19. Bxb7 Rab8 20. Bd5 Nxe5 21. Bf4 Bf6 22. Rae1 Rbe8 23. Kg2 Nd3 24. Rxe8 Rxe8 25. b3 Bxc3 26. Bxh6 Re2+ 27. Kf3 Re1 28. Rxe1 Nxe1+ 29. Kf2 gxh6 30. Be4 Kg7 31. g4 Kf6 32. Ke3 Ke5 33.
Bd5 f6 34. Ke2 Kd4 35. h4 Nd3 36. Kf3 Bd2 37. Be4 Ne5+ 0-1

[Event "*** Titled Tuesday Blitz"]
[Site "Chess.com"]
[Date "2020.10.20"]
[Round "2"]
[White "MarkoPe"]
[Black "Brave_spirit12"]
[Result "0-1"]
[WhiteElo "2140"]
[BlackElo "2478"]
[TimeControl "180+1"]
[EndTime "10:16:23 PDT"]
[Termination "Brave_spirit12 won on time"]

1. e4 e6 2. d4 d5 3. e5 c5 4. c3 Nc6 5. f4 Qb6 6. Nf3 f6 7.
Bd3 Bd7 8. Qc2 f5 9. Be3 Rc8 10.
Qf2 cxd4 11. Nxd4 Bc5 12. O-O Bxd4 13. Bxd4 Nxd4 14. cxd4 Ne7 15. Nc3 O-O 16. Rac1 Rc7 17. Rc2 Rfc8 18. Rfc1 a5 19. a4 Qb4 20. h3 Nc6 21. Bb5 Qxd4 22. Bxc6 Qxf2+ 23. Kxf2 Rxc6 24. Ke2 d4 0-1

[Event "*** Titled Tuesday Blitz"]
[Site "Chess.com"]
[Date "2020.10.20"]
[Round "2"]
[White "SGchess01"]
[Black "Astaneh"]
[Result "1-0"]
[WhiteElo "2814"]
[BlackElo "2506"]
[TimeControl "180+1"]
[EndTime "10:16:24 PDT"]
[Termination "SGchess01 won by resignation"]

1. d4 Nf6 2. c4 e6 3. Nf3 b6 4. g3 Bb7 5. Bg2 Be7 6. O-O O-O 7.
Nc3 Ne4 8. Bd2 d6 9. d5 Nxd2 10.
Qxd2 e5 11. e4 a5 12. h4 Na6 13. Bh3 Nc5 14. Kg2 g6 15. h5 Bf6 16. b3 Bc8 17. Rh1 g5 18. Bxc8 Rxc8 19. Nh2 Qd7 20. Qe2 h6 21. Ng4 Bg7 22. Ne3 f5 23. Nxf5 Rxf5 24. exf5 Qxf5 25. Rae1 Rf8 26. f3 Rf7 27. Ne4 Nd7 28. a3 Rf8 29. b4 axb4 30.
axb4 Nf6 31. Nxf6+ Qxf6 32. Qe4 Qf7 33. Ra1 Qd7 34. Ra7 1-0

[Event "*** Titled Tuesday Blitz"]
[Site "Chess.com"]
[Date "2020.10.20"]
[Round "2"]
[White "IwkooO"]
[Black "paulrusan"]
[Result "1-0"]
[WhiteElo "2648"]
[BlackElo "2213"]
[TimeControl "180+1"]
[EndTime "10:16:27 PDT"]
[Termination "IwkooO won by resignation"]

1. e4 g6 2. d4 Bg7 3. Nc3 d6 4. f4 a6 5. Nf3 b5 6. Bd3 Bb7 7.
Be3 Nd7 8. Qe2 c5 9. dxc5 dxc5 10. e5 c4 11. Be4 Bxe4 12. Nxe4 Nh6 13. O-O-O Qc7 14.
Kb1 O-O 15. e6 Nf6 16. Neg5 Nfg4 17. exf7+ Nxf7 18. Ne6 Qa5 19. Nxg7 Kxg7 20. Bd4+ Nf6 21. Ng5 Kg8 22. Qxe7 Nxg5 23. Bxf6 Rf7 24. Qe5 Ne4 25. Qxe4 Raf8 26. Be5 c3 27. Bxc3 Qb6 28. Be5 b4 29.
Rd6 Qb5 30. Rxg6+ 1-0

[Event "*** Titled Tuesday Blitz"]
[Site "Chess.com"]
[Date "2020.10.20"]
[Round "2"]
[White "Guenplen"]
[Black "PhileKhoob"]
[Result "1-0"]
[WhiteElo "2854"]
[BlackElo "2540"]
[TimeControl "180+1"]
[EndTime "10:16:30 PDT"]
[Termination "Guenplen won by resignation"]

1. d4 Nf6 2. Bf4 g6 3. e3 Bg7 4. h3 O-O 5. c3 d5 6. Nf3 c5 7. Nbd2 Nc6 8. dxc5 Re8 9. Bb5 a5 10. a4 e5 11. Bxc6 exf4 12. Bxe8 fxe3 13. Bxf7+ Kxf7 14. fxe3 Qe7 15. Qe2 Qxc5 16. O-O Bd7 17. Ne5+ Ke7 18. Nxd7 Kxd7 19. Nb3 Qc4 20. Qxc4 dxc4 21.
Rad1+ Kc7 22. Nd4 Re8 23. Nb5+ Kb8 24. Nd6 Re6 25. Nxc4 Bh6 26. Rf3 Ne4 27. Rd7 Ng5 28.
Rf4 Rc6 29. Nxa5 Ra6 30. b4 Re6 31. Rxb7+ Kc8 32. Rc4+ Kd8 33. Rcc7 Ne4 34. Nc6+ 1-0

[Event "*** Titled Tuesday Blitz"]
[Site "Chess.com"]
[Date "2020.10.20"]
[Round "2"]
[White "Philosopherrr"]
[Black "brunomorado"]
[Result "1/2-1/2"]
[WhiteElo "2609"]
[BlackElo "2313"]
[TimeControl "180+1"]
[EndTime "10:16:30 PDT"]
[Termination "Game drawn by repetition"]

1. Nf3 Nf6 2. b3 d5 3. Bb2 g6 4. e3 Bg7 5. Be2 O-O 6. O-O c5 7. d4 Ne4 8. Nbd2 Nc6 9. Rc1 Qc7 10. c4 e6 11. cxd5 exd5 12. Ne5 Nxe5 13. Nxe4 dxe4 14.
dxe5 Bxe5 15. Ba3 Bxh2+ 16. Kh1 Bd6 17. b4 b6 18. bxc5 bxc5 19. Bxc5 Bxc5 20. Qd5 Be6 21.
Qxc5 Qxc5 22. Rxc5 Bxa2 23. Ra1 Be6 24. Ba6 Rfd8 25.
Bb7 Rab8 26. Bxe4 Rd2 27. f4 Rb3 28. f5 gxf5 29. Bxf5 Rxe3 30. Bxe6 Rxe6 31. Rxa7 Rg6 32. Rf5 Rdxg2 33. Rfxf7 Rg1+ 34. Kh2 R1g2+ 35. Kh3 Rg1 36. Kh2 R1g2+ 37. Kh1 Rg1+ 38. Kh2 1/2-1/2

[Event "*** Titled Tuesday Blitz"]
[Site "Chess.com"]
[Date "2020.10.20"]
[Round "2"]
[White "JonahWillow"]
[Black "kinga2008"]
[Result "1-0"]
[WhiteElo "2639"]
[BlackElo "2185"]
[TimeControl "180+1"]
[EndTime "10:16:31 PDT"]
[Termination "JonahWillow won by checkmate"]

1. e4 c5 2. Nf3 Nc6 3. d4 cxd4 4. Nxd4 e5 5. Nb5 a6 6. Nd6+ Bxd6 7. Qxd6 Qf6 8. Qd1 Qg6 9. Nc3 d5 10. Nxd5 Qxe4+ 11. Be2 Nd4 12. Nc7+ Ke7 13. f3 Nxc2+ 14. Kf2 Qd4+ 15. Qxd4 exd4 16. Nxa8 Nxa1 17. Bd3 Nf6 18. Nb6 Be6 19. Bd2 Bxa2 20. Rxa1 Be6 21. Bb4+ Ke8 22. Rc1 Bd7 23. Bc5 Bc6 24. Bxd4 Ke7 25. Re1+ Kd6 26. Nc4+ Kd5 27. Bc3 Nd7 28. Re7 Nc5 29. Re5# 1-0

[Event "*** Titled Tuesday Blitz"]
[Site "Chess.com"]
[Date "2020.10.20"]
[Round "2"]
[White "Firouzja2003"]
[Black "Swarnapuri"]
[Result "1-0"]
[WhiteElo "3004"]
[BlackElo "2610"]
[TimeControl "180+1"]
[EndTime "10:16:33 PDT"]
[Termination "Firouzja2003 won by resignation"]

1. f4 Nc6 2. Nf3 d5 3. g3 Bg4 4. Bg2 Nf6 5. O-O Bxf3 6. Bxf3 e5 7. e3 h5 8. fxe5 Nxe5 9. Bg2 h4 10. d4 Ng6 11.
Qf3 hxg3 12. hxg3 c6 13. c4 dxc4 14. Nc3 Qd7 15. Ne4 O-O-O 16. Bd2 Nxe4 17. Qxe4 Bd6 18. Qf3 Qc7 19. Be1 Ne7 20. Rc1 g6 21. Rxc4 Nf5 22.
b4 Bxg3 23. Bxg3 Qxg3 24. Rxc6+ Kb8 25. Rc8+ 1-0

[Event "*** Titled Tuesday Blitz"]
[Site "Chess.com"]
[Date "2020.10.20"]
[Round "2"]
[White "IANOV0007"]
[Black "BocharovD"]
[Result "0-1"]
[WhiteElo "2507"]
[BlackElo "2803"]
[TimeControl "180+1"]
[EndTime "10:16:33 PDT"]
[Termination "BocharovD won by resignation"]

1. Nf3 c5 2. g3 g6 3. Bg2 Bg7 4. c4 Nc6 5. Nc3 d6 6. O-O e5 7. d3 Nge7 8. Bg5 f6 9. Bd2 Be6 10. e4 O-O 11. a3 Qd7 12. Rb1 h6 13. b4 f5 14. bxc5 dxc5 15. Nd5 f4 16. gxf4 Bg4 17.
Qa4 exf4 18. Kh1 Rad8 19. Rg1 b6 20. Rbe1 g5 21. Qc2 Nd4 22. Nxd4 Bxd4 23. Bc3 Nc6 24. f3 Be6 25. Bxd4 Nxd4 26. Qf2 Kh7 27. e5 Bxd5 28. cxd5 Qxd5 29. Re4 Rfe8 30. Rge1 Nf5 31. Bh3 Ne3 32. R1xe3 fxe3 33. Bf5+ Kg7 34. Qxe3 Qxd3 35. Qxd3 Rxd3 36.
Kg2 Rd5 37. f4 gxf4 38. Kf3 Rexe5 39. Rxe5 Rxe5 40. Kxf4 Rxf5+ 41. Kxf5 c4 0-1